Map: Deathaura LE

Players

Neeb

  • Race: Protoss Protoss
  • League: Master
  • Spawn Location: 11:00

Scarlett - Winner!

  • Race: Zerg Zerg
  • Spawn Location: 5:00

Event: DreamHack SC2 Masters 2020 Fall

VOD

Have the link to the VOD?

Description

Time

  • Played on: Sept. 2, 2020, 5:36 p.m.
  • Length: 12:49

All games in this series

Show
View Real Time Build Order
Export as new Build Order

Neeb Protoss 

Build Orders: 1 Gate Expand, Oracle Opening, Archon Immortal 

Get SALT Encoding   

  12  0:00  Probe  
  13  0:12  Probe  
  14  0:18  Pylon  
  14  0:24  Probe  
  15  0:35  Unknown  
  15  0:36  Probe (Chrono Boost)  
  15  0:37  Unknown  
  15  0:39  Unknown  
  15  0:41  Gateway  
  16  0:48  Probe (Chrono Boost)  
  17  0:50  Assimilator  
  17  0:54  Probe (Chrono Boost)  
  18  1:02  Unknown  
  18  1:03  Probe  
  19  1:15  Probe  
  20  1:26  Nexus  
  20  1:36  Cybernetics Core  
  20  1:39  Probe  
  21  1:46  Assimilator  
  21  1:51  Probe  
  21  1:54  Pylon  
  22  2:03  Probe (Chrono Boost)  
  23  2:09  Adept (Chrono Boost)  
  23  2:13  Probe (Chrono Boost)  
  26  2:18  Probe (Chrono Boost)  
  26  2:21  Stargate  
  27  2:30  Probe  
  27  2:31  Adept (Chrono Boost)  
  27  2:36  Warp Gate  
  30  2:38  Probe  
  30  2:42  Probe  
  32  2:50  Probe  
  33  2:54  Probe  
  33  2:55  Gateway  
  34  3:02  Probe  
  34  3:04  Oracle (Chrono Boost)  
  38  3:06  Probe  
  38  3:10  Pylon  
  39  3:14  Probe  
  39  3:18  Probe  
  41  3:26  Probe  
  42  3:29  Void Ray (Chrono Boost)  
  42  3:30  Probe  
  43  3:36  Assimilator  
  43  3:38  Assimilator, Probe  
  48  3:42  Probe  
  48  3:43  Pylon  
  49  3:50  Probe  
  49  3:54  Probe  
  51  3:56  Pylon  
  51  3:58  Void Ray (Chrono Boost)  
  51  3:59  Gateway  
  51  4:02  Probe  
  52  4:06  Probe  
  57  4:14  Probe  
  58  4:19  Probe  
  58  4:23  Robotics Facility  
  59  4:26  Probe  
  59  4:27  Adept x2  
  59  4:31  Probe  
  65  4:34  Void Ray (Chrono Boost), Pylon  
  69  4:46  Nexus  
  69  4:52  Pylon  
  69  4:56  Probe x2  
  69  4:57  Pylon  
  71  5:03  Sentry  
  71  5:04  Sentry  
  75  5:07  Void Ray (Chrono Boost)  
  75  5:08  Probe x2  
  75  5:13  Pylon  
  81  5:20  Probe x2  
  83  5:23  Immortal (Chrono Boost)  
  87  5:32  Probe x2  
  87  5:35  Sentry  
  87  5:41  Zealot x2  
  93  5:44  Probe  
  93  5:45  Pylon, Probe  
  95  5:56  Probe  
  95  5:57  Probe  
  97  6:00  Probe  
  97  6:01  Observer (Chrono Boost)  
  99  6:05  Zealot x3  
  99  6:06  Forge  
  99  6:07  Twilight Council  
  99  6:08  Probe  
  99  6:09  Shield Battery, Probe  
  107  6:12  Probe  
  108  6:19  Immortal (Chrono Boost)  
  108  6:20  Probe  
  108  6:21  Probe  
  108  6:23  Pylon  
  108  6:24  Probe  
  115  6:30  Assimilator  
  115  6:31  Assimilator  
  115  6:35  Gateway  
  115  6:36  Gateway  
  115  6:39  Protoss Ground Weapons Level 1  
  115  6:41  Probe  
  115  6:42  Charge  
  115  6:45  Templar Archives  
  116  6:47  Photon Cannon  
  116  6:54  Photon Cannon  
  116  6:56  Probe x2  
  116  6:59  Probe  
  116  7:00  Photon Cannon  
  119  7:05  Warp Prism  
  98  7:22  Probe  
  98  7:24  High Templar x3  
  104  7:32  Gateway  
  104  7:37  Zealot, High Templar, Gateway, Pylon  
  104  7:38  Gateway  
  104  7:39  Pylon  
  104  7:40  Immortal (Chrono Boost)  
  112  7:52  Psionic Storm  
  112  8:00  High Templar  
  112  8:01  Zealot x2, High Templar  
  120  8:06  Pylon  
  120  8:09  Pylon  
  120  8:10  Nexus, Immortal  
  124  8:13  Pylon  
  124  8:15  Pylon  
  124  8:16  Pylon, Probe x3  
  124  8:18  Pylon  
  127  8:25  High Templar x2, Pylon  
  127  8:26  Zealot  
  133  8:27  Pylon  
  133  8:28  Probe x3  
  133  8:30  Archon  
  133  8:32  Zealot x4  
  144  8:43  Phoenix  
  144  8:45  Archon  
  144  8:47  Stalker x2  
  146  8:53  Shield Battery  
  146  8:55  Stargate  
  142  8:58  Zealot x6, Shield Battery  
  154  9:05  Shield Battery  
  154  9:08  Photon Cannon  
  150  9:15  Phoenix (Chrono Boost)  
  145  9:17  Probe  
  145  9:19  Photon Cannon  
  146  9:24  Probe  
  146  9:27  Protoss Ground Weapons Level 2  
  146  9:30  Probe x2  
  149  9:32  Stalker x4  
  149  9:34  Shield Battery  
  149  9:36  Phoenix (Chrono Boost)  
  149  9:41  Assimilator  
  149  9:43  High Templar x2  
  149  9:45  Assimilator  
  153  9:49  Archon  
  153  9:53  Phoenix, Photon Cannon  
  153  9:57  Pylon  
  155  10:00  Stalker x4  
  155  10:05  Phoenix  
  157  10:13  Shield Battery  
  157  10:14  Shield Battery  
  157  10:15  Stalker x2  
  157  10:16  Stalker  
  157  10:18  Stalker  
  159  10:23  Probe  
  159  10:24  Probe  
  159  10:26  Stalker x3  
  150  10:29  Probe  
  150  10:32  Phoenix, Shield Battery  
  147  10:45  Phoenix  
  147  10:46  High Templar  
  147  10:48  High Templar  
  153  10:54  Archon  
  153  10:55  Zealot x2  
  153  10:56  Zealot x4  
  152  11:01  Phoenix  
  147  11:08  Probe  
  147  11:09  Probe  
  137  11:13  Phoenix (Chrono Boost)  
  138  11:24  Probe (Chrono Boost)  
  128  11:26  Phoenix (Chrono Boost)  
  128  11:27  Probe (Chrono Boost)  
  128  11:30  Probe (Chrono Boost)  
  125  11:34  Probe (Chrono Boost)  
  125  11:35  Phoenix (Chrono Boost)  
  125  11:36  Probe (Chrono Boost)  
  125  11:39  Probe (Chrono Boost)  
  130  11:42  Probe (Chrono Boost)  
  130  11:44  Phoenix (Chrono Boost), Probe (Chrono Boost)  
  130  11:46  High Templar x2, Probe (Chrono Boost)  
  134  11:48  Probe (Chrono Boost)  
  134  11:52  Phoenix  
  126  11:59  Probe x2  
  126  12:00  Probe  
  124  12:01  Probe  
  124  12:04  Zealot x2  
  124  12:05  Zealot x3  
  124  12:06  Phoenix  
  134  12:14  Archon  
  116  12:17  Phoenix, Probe x2 (Chrono Boost)  
  116  12:19  Probe x2 (Chrono Boost)  
  122  12:29  Probe (Chrono Boost)  
  123  12:31  Stalker x4  
  123  12:35  Probe (Chrono Boost)  
  123  12:36  Probe (Chrono Boost)  
  122  12:40  Pylon  
Show
View Real Time Build Order
Export as new Build Order

Scarlett Zerg - Winner!

Build Orders: Hatch First, Muta Ling Bane 

Get SALT Encoding   

  12  0:00  Drone  
  13  0:12  Overlord  
  13  0:16  Drone  
  14  0:30  Drone x2  
  16  0:43  Drone  
  17  0:52  Hatchery  
  17  0:53  Drone  
  17  0:57  Drone  
  18  1:09  Extractor  
  17  1:14  Spawning Pool  
  17  1:16  Drone  
  17  1:18  Drone  
  18  1:29  Drone  
  19  1:40  Overlord  
  19  1:51  Drone  
  20  2:01  Queen, Zergling x2  
  21  2:05  Queen  
  21  2:06  Zergling x2  
  26  2:10  Metabolic Boost  
  26  2:12  Drone  
  27  2:18  Drone  
  27  2:21  Drone  
  29  2:26  Drone  
  30  2:34  Drone  
  31  2:40  Hatchery  
  30  2:44  Drone  
  30  2:48  Overlord  
  30  2:49  Drone  
  32  2:53  Queen  
  34  2:59  Drone  
  34  3:00  Drone  
  36  3:08  Drone  
  36  3:09  Drone  
  38  3:14  Drone x3  
  38  3:15  Drone  
  42  3:24  Drone  
  42  3:26  Drone  
  43  3:33  Overlord  
  43  3:43  Evolution Chamber  
  43  3:46  Drone  
  43  3:51  Overlord  
  43  3:52  Drone  
  43  3:53  Drone x4, Queen x2  
  43  3:54  Queen  
  43  3:55  Drone  
  55  3:56  Spore Crawler  
  55  3:59  Spore Crawler  
  52  4:06  Drone  
  52  4:07  Drone x3  
  54  4:13  Drone x2  
  54  4:15  Drone  
  56  4:22  Zerg Melee Weapons Level 1  
  56  4:23  Drone, Overlord  
  57  4:29  Lair  
  56  4:39  Zergling x2  
  56  4:40  Overlord  
  56  4:42  Overlord  
  56  4:44  Drone x5  
  62  4:47  Extractor, Baneling Nest  
  62  4:48  Drone  
  62  4:49  Zergling x8  
  65  4:53  Overlord  
  65  4:54  Overlord  
  65  5:10  Drone x2  
  65  5:11  Extractor, Zergling x12  
  72  5:20  Drone x6  
  72  5:21  Drone x2  
  79  5:29  Queen x3  
  81  5:37  Drone x6  
  81  5:41  Extractor  
  81  5:42  Extractor  
  85  5:43  Spire  
  85  5:47  Extractor  
  85  5:49  Overlord x3  
  83  5:50  Drone x2  
  83  5:59  Drone  
  83  6:00  Drone x6  
  89  6:13  Centrifical Hooks  
  89  6:16  Overlord  
  89  6:17  Zerg Melee Weapons Level 2  
  89  6:18  Zergling x10  
  94  6:29  Overlord x2  
  94  6:35  Zergling x18  
  94  6:36  Hatchery  
  94  6:39  Baneling x5  
  101  6:40  Baneling x5  
  101  6:41  Baneling x2  
  101  6:42  Baneling x2  
  101  6:43  Baneling  
  101  6:46  Zergling x6  
  104  6:49  Zergling x4  
  104  6:50  Zergling x2  
  108  6:56  Zerg Flyer Weapons Level 1  
  107  7:02  Zergling x12  
  107  7:03  Zergling x6  
  116  7:09  Hatchery  
  108  7:25  Mutalisk  
  108  7:26  Mutalisk x5  
  118  7:31  Drone  
  119  7:41  Drone x2  
  119  7:44  Drone x3, Hatchery  
  124  7:51  Mutalisk x3  
  123  7:52  Overlord x2  
  128  8:01  Mutalisk  
  128  8:02  Mutalisk  
  132  8:11  Mutalisk  
  132  8:12  Mutalisk x2  
  138  8:14  Hatchery  
  138  8:16  Unknown  
  138  8:18  Drone x3, Unknown  
  138  8:21  Mutalisk  
  138  8:22  Zergling x2  
  138  8:23  Zergling x2  
  142  8:29  Overlord x4  
  142  8:30  Extractor  
  142  8:32  Extractor  
  140  8:37  Mutalisk x2  
  140  8:38  Mutalisk  
  140  8:40  Zergling x4  
  146  8:46  Zergling x8  
  146  8:53  Drone  
  146  8:55  Drone x2  
  147  9:01  Drone x4  
  147  9:02  Mutalisk  
  151  9:05  Mutalisk  
  151  9:06  Mutalisk x3  
  152  9:14  Mutalisk  
  153  9:20  Mutalisk  
  153  9:22  Zergling x12  
  147  9:32  Mutalisk  
  147  9:33  Mutalisk x3  
  147  9:34  Zergling x4  
  147  9:35  Zergling x10  
  160  9:43  Hatchery  
  159  9:46  Mutalisk x4  
  159  9:47  Drone  
  159  9:48  Drone x3  
  171  9:54  Zerg Flyer Weapons Level 2  
  171  9:59  Baneling x6  
  171  10:06  Mutalisk x3  
  171  10:08  Zergling x10  
  174  10:25  Zergling x20  
  169  10:30  Drone x5  
  174  10:41  Baneling x6  
  174  10:42  Baneling x14  
  174  10:45  Drone x4  
  174  10:48  Baneling x6  
  178  10:55  Mutalisk  
  178  10:56  Mutalisk x2  
  167  11:11  Mutalisk x8  
  172  11:27  Mutalisk x8  
  187  11:39  Baneling x13  
  187  11:40  Zergling x10  
  192  11:58  Baneling x6, Mutalisk  
  192  11:59  Mutalisk x5  
  180  12:17  Zergling x20  
  180  12:18  Zergling x20  

Tags
 
Add a new tag
Caveats
  • Supply blocks, unpowered buildings, or Contaminate may cause inaccurate times.
  • Supply counts are checked every 10 seconds.